 Dungeon Crawl Stone Soup version 0.21-a0-529-g8c7b3f5 (webtiles) character file.

77 Gerstahl the Skirmisher (level 4, -13/30 HPs)
             Began as a Gargoyle Monk on Dec 9, 2017.
             Killed from afar by Ijyb (17 damage)
             ... with a wand of acid (5)
             ... on level 3 of the Dungeon.
             The game lasted 00:02:46 (1959 turns).

Gerstahl the Skirmisher (Gargoyle Monk)             Turns: 1959, Time: 00:02:47

Health: -13/30     AC:  3    Str: 15    XL:     4   Next: 34%
Magic:  4/4        EV: 12    Int: 10    God:
Gold:   73         SH:  0    Dex: 13    Spells: 3/3 levels left

rFire    . . .     SeeInvis +   a - +0 falchion
rCold    . . .     Gourm    .   (no shield)
rNeg     + . .     Faith    .   p - +1 leather armour {MR+}
rPois    ∞         Spirit   .   (no helmet)
rElec    +         Reflect  .   (no cloak)
rCorr    .         Harm     .   (no gloves)
MR       +....                  (no boots)
Stlth    ++........             (no amulet)
HPRegen  0.10/turn              l - ring of see invisible
MPRegen  0.09/turn              (no ring)

@: corroded
A: negative energy resistance 1, electricity resistance, unbreathing,
petrification resistance, rot immunity, AC +3
a: no special abilities


You were on level 3 of the Dungeon.
You were hungry.

You visited 1 branch of the dungeon, and saw 4 of its levels.

You collected 73 gold pieces.

Inventory:

Hand Weapons
 a - a +0 falchion (weapon)
Armour
 b - a +0 robe
 m - a +0 leather armour
 p - a +1 leather armour of magic resistance (worn)
Jewellery
 l - a ring of see invisible (left hand)
Scrolls
 d - a scroll of magic mapping {unknown}
 e - 5 scrolls of identify {unknown}
 j - a scroll of teleportation {unknown}
 n - 4 scrolls of remove curse {unknown}
 o - 2 scrolls of enchant weapon {unknown}
 r - a scroll of amnesia {unknown}
 t - a scroll of blinking {unknown}
Potions
 f - 2 potions of agility {unknown}
 g - a potion of ambrosia {unknown}
 h - a potion of flight {unknown}
 i - a potion of invisibility {unknown}
 q - a potion of brilliance {unknown}
 u - a potion of cancellation {unknown}
 v - a potion of degeneration {unknown}
 w - a potion of curing {unknown}
Comestibles
 c - a bread ration
 k - a fruit
 s - a royal jelly


   Skills:
 + Level 4.4 Fighting
 + Level 3.6 Long Blades
 + Level 1.3 Armour
 - Level 2.4 Dodging
 - Level 2.1 Stealth


You had 3 spell levels left.
You didn't know any spells.

Dungeon Overview and Level Annotations

Branches:
Dungeon (4/15)
 Temple: D:4-7

Altars:
Fedhas
Hepliaklqana
Wu Jian
Xom
The Shining One

Annotations:
D:3 Ijyb


Innate Abilities, Weirdness & Mutations

You are resistant to torment.
Your stone body is resilient. (AC +3)
You are immune to poison.
You resist negative energy. (rN+)
You are resistant to electric shocks. (rElec)
You can survive without breathing.
You are immune to petrification.
You are immune to rotting.


Message History

Ijyb the Twisted Goblin comes into view.
She is wielding a dagger.
You hit the hobgoblin.
You kill the hobgoblin!
You are feeling hungry.
Ijyb zaps a wand.
The bolt of acid hits you! The acid corrodes you!
You are splashed with acid!
The acid burns!
* * * LOW HITPOINT WARNING * * *
It is a wand of acid (5).
Ijyb screams, "You nasty!
Big nasty!"
There is a stone staircase leading down here.
You climb downwards.
An ice beast and an orc come into view.
The orc shouts!
You hear a shout! x4; You hear an angry hiss.
There is a stone staircase leading up here.
The orc closely misses you.
You riposte.
You closely miss the orc.
You climb upwards.
Level annotation: Ijyb Ijyb zaps a wand.
The bolt of acid hits you!
Ouch! That really hurt!
You die...

####### #.....#
#.###.#######
#.#...#.....#
#.#.###.###.# #.......#
#.#
#############.#######.#
................@o....#
#############.##g######
#.).....##.# #
#.########.# #.#####
#.# ......l #.# #.##...
#.# # #.# #.#


You could see Ijyb and an orc.

Vanquished Creatures
  2 gnolls
  An adder (D:3)
  A leopard gecko (D:3)
  2 giant cockroaches
  8 goblins
  3 hobgoblins
  9 jackals
  6 bats
  4 frilled lizards (D:1)
  5 kobolds
  5 rats
46 creatures vanquished.

Notes
Turn   | Place    | Note
-------+----------+-------------------------------------------
     0 | D:1      | Gerstahl the Gargoyle Monk began the quest for the Orb.
     0 | D:1      | Reached XP level 1. HP: 14/14 MP: 1/1
   228 | D:1      | Reached XP level 2. HP: 19/19 MP: 2/2
   729 | D:1      | Reached skill level 4 in Fighting
   729 | D:1      | Reached XP level 3. HP: 16/24 MP: 3/3
  1108 | D:2      | Found a faded altar of an unknown god.
  1160 | D:2      | Found a glowing golden altar of the Shining One.
  1160 | D:2      | Found a shimmering altar of Xom.
  1161 | D:2      | Found a hazy altar of Hepliaklqana.
  1162 | D:2      | Found a blossoming altar of Fedhas.
  1163 | D:2      | Found an ornate altar of the Wu Jian Council.
  1664 | D:2      | Reached skill level 1 in Armour
  1664 | D:2      | Reached XP level 4. HP: 15/29 MP: 4/4
  1673 | D:2      | You fall through a shaft!
  1948 | D:3      | Noticed Ijyb
  1957 | D:4      | Noticed an ice beast
  1959 | D:3      | Killed from afar by Ijyb

Vault maps used:
D:1:      grunt_arrival_crossed_arrows, minmay_misc_feat_iff
D:2:      grunt_temple_overflow_open, chequers_ecumenical_altar_island
D:3:      nicolae_overflow_crystal_walls, grunt_qazlal_clouds, first_bread,
          elyvilon_altar_4, uniq_ijyb

Skill      XL: |  1  2  3 |
---------------+----------+-----
Long Blades    | 3 |  3.6
Fighting       | 4 |  4.4
Armour         | 1 |  1.3
Dodging        | |  2.4
Stealth        | |  2.1

Action                   |  1- 3 |  4- 6 || total
-------------------------+-------+-------++-------
Melee: Falchion          |   102 |    24 ||   126
 Stab: Sleeping          |     2 |     1 ||     3
  Eat: Chunk             |     2 |     1 ||     3
Armor: Robe              |    16 |       ||    16
       Leather armour    |    21 |    14 ||    35
Dodge: Dodged            |    75 |    27 ||   102
       Rpst.: Falchion   |    29 |     8 ||    37

Table legend:
 A = Spawn XP
 B = Non-spawn XP
 C = Spawn XP percentage of total XP
 D = Spawn monster count
 E = Non-spawn monster count
 F = Spawn count percentage of total count
 G = Total turns spent on level
                    A         B        C        D         E        F      G
               +---------+---------+-------+---------+---------+-------+---------
         Total |       0 |     111 |   0.0 |       0 |      46 |   0.0 |  1959
               +---------+---------+-------+---------+---------+-------+---------
           D:1 |       0 |      48 |   0.0 |       0 |      25 |   0.0 |  1101
           D:2 |       0 |      40 |   0.0 |       0 |      15 |   0.0 |   572
           D:3 |       0 |      23 |   0.0 |       0 |       6 |   0.0 |   284
               +---------+---------+-------+---------+---------+-------+---------
